 Dungeon Crawl Stone Soup version 0.26-a0-812-g31a745ddcd (webtiles) character file.

Game seed: 12839206866883211165

144 kae the Ruffian (level 5, 0/41 HPs)
             Began as a Draconian Transmuter on Dec 3, 2020.
             Killed from afar by an orc wizard (6 damage)
             ... with a magic dart
             ... on level 3 of the Dungeon.
             The game lasted 00:01:37 (3313 turns).

kae the Ruffian (Draconian Transmuter)              Turns: 3313, Time: 00:01:38

Health: 0/41       AC:  5    Str: 13    XL:     5   Next: 5%
Magic:  8/8        EV: 12    Int: 13    God:
Gold:   172        SH:  0    Dex: 12    Spells: 5/9 levels left

rFire    . . .     SeeInvis .     - Unarmed
rCold    . . .     Faith    .   (no shield)
rNeg     . . .     Spirit   .   (armour unavailable)
rPois    .         Reflect  .   (helmet restricted)
rElec    .         Harm     .   (no cloak)
rCorr    .         Rampage  .   (no gloves)
MR       .....                  (no boots)
Stlth    +.........             (no amulet)
HPRegen  0.13/turn              (no ring)
MPRegen  0.11/turn              (no ring)

@: no status effects
A: unfitting armour, cold-blooded, AC +5
a: no special abilities


You were on level 3 of the Dungeon.
You visited 1 branch of the dungeon, and saw 3 of its levels.

You collected 172 gold pieces.

Inventory:

Jewellery
 g - an uncursed ring of resist corrosion {unknown}
 l - an uncursed ring of protection from fire {unknown}
Scrolls
 c - 2 scrolls of amnesia
 d - a scroll of teleportation
 i - 2 scrolls of enchant armour
 j - 2 scrolls of remove curse
 m - a scroll of enchant weapon {unknown}
Potions
 a - 2 potions of attraction
 b - a potion of curing {unknown}
 e - a potion of heal wounds {unknown}
 f - a potion of invisibility {unknown}
 h - 2 potions of cancellation
 k - a potion of brilliance


   Skills:
 + Level 2.1 Fighting
 + Level 2.3 Dodging
 * Level 3.9 Unarmed Combat
 + Level 2.5 Spellcasting
 * Level 3.1 Transmutations
 + Level 0.8 Poison Magic


You had 5 spell levels left.
You knew the following spells:

 Your Spells              Type           Power        Failure   Level
a - Beastly Appendage     Tmut           #.....       7%          1
b - Spider Form           Tmut/Pois      #.........   32%         3

Your spell library contained the following spells:

 Spells                   Type           Power        Failure   Level
 Wereblood                Tmut           #.......     10%         2
 Ice Form                 Ice/Tmut       #.......     77%         4
 Blade Hands              Tmut           #.........   88%         5


Dungeon Overview and Level Annotations

Branches:
Dungeon (3/15)

Altars:


Innate Abilities, Weirdness & Mutations

Your plain brown scales are hard. (AC +5)
You cannot fit into any form of body armour.
You are cold-blooded and may be slowed by cold attacks.


Message History

The orc wizard is almost dead.
The orc wizard gestures at you while chanting.
The magic dart hits you.
* * * LOW HITPOINT WARNING * * *
The orc hits you but does no damage.
The orc wizard hits you but does no damage.
You closely miss the orc wizard.
The orc wizard is almost dead.
The orc wizard casts a spell at you. You resist with some effort.
The orc closely misses you.
Okay, then.
You barely miss the orc wizard.
The orc wizard is almost dead.
The orc wizard hits you but does no damage.
The orc barely misses you. The orc wizard misses you.
You completely miss the orc wizard.
The orc wizard is almost dead.
The orc wizard points at you and mumbles some strange words.
The magic dart hits you.
You die...

####..........##..............<
#........##(.#####.######...
#.#########(##)..##[# #### #.#
#.#....(#.##### #.
#(#.....#.....## #.
#.#.(..)#.###..#
#)##..)'###.##.#
#.)#)###.'.[.#^#
#@#..##†###.##.#
#oo.##.†#####..###
##..#.)..#........
#..#(.(.'.#.[.###
#####..##..##.#####
#.......####..# #.###.........#
#########.# #.#


You could see an orc wizard (fast) and an orc.

Vanquished Creatures
  3 adders
  2 oozes
  4 worms
  3 dart slugs
  4 leopard geckos
  4 orcs (D:3)
  2 giant cockroaches
  11 goblins
  14 hobgoblins
  2 jackals (D:3)
  A quokka (D:2)
  10 bats
  5 frilled lizards
  8 kobolds
  13 rats
86 creatures vanquished.

Notes
Turn   | Place    | Note
-------+----------+-------------------------------------------
     0 | D:1      | kae the Draconian Transmuter began the quest for the Orb.
     0 | D:1      | Reached XP level 1. HP: 16/16 MP: 3/3
   225 | D:1      | Reached XP level 2. HP: 23/23 MP: 5/5
   595 | D:1      | Reached XP level 3. HP: 25/28 MP: 4/6
   600 | D:1      | Learned a level 3 spell: Spider Form
  1520 | D:2      | Reached XP level 4. HP: 31/36 MP: 5/7
  2937 | D:3      | Reached XP level 5. HP: 18/41 MP: 6/8
  3313 | D:3      | Killed from afar by an orc wizard

Illustrated notes

Levels and vault maps discovered:
D:1:      lemuel_arrival_room, layout_rooms
D:2:      layout_loops_ring
D:3:      layout_basic, minmay_joined_circles

Skill      XL: |  1  2  3  4 |
---------------+-------------+-----
Dodging        | 2 |  2.3
Fighting       | 2 |  2.1
Transmutations | 3 |  3.1
Unarmed Combat | |  3.9
Spellcasting   | |  2.5
Poison Magic   | |  0.8

Action                   |  1- 3 |  4- 6 || total
-------------------------+-------+-------++-------
Melee: Unarmed           |   113 |   144 ||   257
       Tailslap          |    14 |    10 ||    24
       Kick              |     9 |    11 ||    20
       Headbutt          |     6 |    10 ||    16
       Punch             |     1 |       ||     1
 Cast: Beastly Appendage |    22 |    16 ||    38
       Spider Form       |     1 |       ||     1
  Use: Scroll            |       |     9 ||     9
Armor: Skin              |    41 |    42 ||    83
Dodge: Dodged            |    82 |    77 ||   159

Table legend: (Time is in decaauts)
 A = Elapsed time spent in this place.
 B = Non-inter-level travel time spent in this place.
 C = Inter-level travel time spent in this place.
 D = Time resting spent in this place.
 E = Time spent auto-exploring this place.
 F = Levels seen in this place.
 G = Mean time per level.
                   A        B        C        D        E       F      G
               +--------+--------+--------+--------+--------+-----+--------+
         Total |   3295 |   3254 |     41 |      3 |   2708 |   3 | 1098.3 |
       Dungeon |   3295 |   3254 |     41 |      3 |   2708 |   3 | 1098.3 |
               +--------+--------+--------+--------+--------+-----+--------+

Top non-repeatable levels by time:
     D:2: 1380 daAuts
     D:3: 1047 daAuts
     D:1: 867 daAuts
